 Dungeon Crawl Stone Soup version 0.26.0-10-g1f06aea511 (webtiles) character file.

Game seed: 17745216382411598049

3727 wakim the Destroyer (level 9, 0/45 HPs)
             Began as a Deep Elf Conjurer on Jan 14, 2021.
             Was a Believer of Sif Muna.
             Killed by divine providence
             ... invoked by an orc priest
              (9 damage)
             ... on level 9 of the Dungeon.
             The game lasted 00:51:26 (8382 turns).

wakim the Destroyer (Deep Elf Conjurer)             Turns: 8382, Time: 00:51:26

Health: 0/45       AC:  8    Str:  6    XL:     9   Next: 92%
Magic:  7/23       EV: 21    Int: 31    God:    Sif Muna [**....]
Gold:   335        SH:  5    Dex: 13    Spells: 13/24 levels left

rFire    . . .     SeeInvis .   D - +2 quarterstaff of Currency {vorpal, *Noise rElec Will+++ Stlth+} (curse)
rCold    . . .     Faith    .   (shield currently unavailable)
rNeg     + . .     Spirit   .   s - +2 robe {rN+}
rPois    .         Reflect  +   (no helmet)
rElec    +         Harm     .   w - +1 cloak {Will+}
rCorr    .         Rampage  .   b - +1 pair of gloves
Will     ++++.                  (no boots)
Stlth    +++.......             y - amulet of reflection
HPRegen  0.15/turn              c - +6 ring of intelligence
MPRegen  0.18/turn              x - +4 ring of evasion

@: no status effects
A: no striking features
a: Renounce Religion, Channel Magic


You were on level 9 of the Dungeon.
You worshipped Sif Muna.
Sif Muna was pleased with you.
You visited 2 branches of the dungeon, and saw 10 of its levels.

You collected 335 gold pieces.

Inventory:

Hand Weapons
 a - a +3 dagger of venom
 C - the +7 trident "Hellblazer" {flame, rN+ Int+10 Dex+4 Stlth-}
   (You found it on level 8 of the Dungeon)

   It has been specially enchanted to burn those struck by it, causing extra
   injury to most foes and up to half again as much damage against particularly
   susceptible opponents.
   It affects your intelligence (+10).
   It affects your dexterity (+4).
   It protects you from negative energy.
   It makes you less stealthy.
 D - the cursed +2 quarterstaff of Currency (weapon) {vorpal, *Noise rElec Will+++ Stlth+}
   (You found it on level 4 of the Dungeon)

   It inflicts extra damage upon your enemies.
   It insulates you from electricity.
   It affects your willpower, your defense against some magical effects.
   It may make noises in combat.
   It makes you more stealthy.
   It has a curse placed upon it.
Armour
 b - a +1 pair of gloves (worn)
 s - a +2 robe of positive energy (worn)
 w - a +1 cloak of willpower (worn)
Jewellery
 c - a +6 ring of intelligence (left hand)
 m - an uncursed amulet of guardian spirit
 u - an uncursed amulet of faith
 x - a +4 ring of evasion (right hand)
 y - an amulet of reflection (around neck)
Wands
 f - a wand of flame (9)
 q - a wand of enslavement (10)
 t - a wand of paralysis (10)
Scrolls
 g - 3 scrolls of identify
 h - 3 scrolls of amnesia
 i - a scroll of enchant weapon
 k - 4 scrolls of remove curse
 l - a scroll of teleportation
 r - a scroll of magic mapping
 B - a scroll of enchant armour
Potions
 d - a potion of brilliance
 e - 2 potions of berserk rage {unknown}
 j - 2 potions of curing
 n - a potion of heal wounds {unknown}
 o - 2 potions of mutation {unknown}
 p - a potion of haste {unknown}
 v - 4 potions of might
 z - a potion of attraction {unknown}
 A - a potion of invisibility {unknown}


   Skills:
 * Level 9.3 Dodging
 - Level 4.0 Stealth
 - Level 8.0 Spellcasting
 * Level 9.7 Conjurations
 + Level 5.7 Hexes
 + Level 5.2 Translocations
 * Level 0.4 Invocations


You had 13 spell levels left.
You knew the following spells:

 Your Spells              Type           Power        Failure   Level
a - Magic Dart            Conj           100%         1%          1
b - Searing Ray           Conj           100%         1%          2
c - Fulminant Prism       Conj/Hex       28%          1%          4
d - Iskenderun's Mystic   Conj/Tloc      56%          1%          4

Your spell library contained the following spells:

 Spells                   Type           Power        Failure   Level
 Dazzling Flash           Conj/Hex       100%         1%          3


Dungeon Overview and Level Annotations

Branches:
Dungeon (9/15)             Temple (1/1) D:6
   Lair: D:8-11         Orc: D:9-12

Altars:
Cheibriados
Dithmenos
Elyvilon
Fedhas
Gozag
Hepliaklqana
Kikubaaqudgha
Makhleb
Nemelex Xobeh
Okawaru
Qazlal
Ru
Sif Muna
Trog
Uskayaw
Vehumet
Wu Jian
Xom
Yredelemnul
Zin
The Shining One

Shops:
D:8 !*?*

Annotations:
D:5 Ijyb


Message History

* * * LOW HITPOINT WARNING * * *
A black bear comes into view.
The orc shouts! x3
As you read the scroll of teleportation, it crumbles to dust.
You feel strangely unstable. The orc hits you but does no damage.
The orc shouts!
The black bear growls angrily.
Your surroundings suddenly seem different.
An orc comes into view. It is wielding a +0 flail.
Really walk into that dispersal trap?
You enter a dispersal trap!
The black bear blinks!
The orc wizard blinks!
You blink.
The orc wizard shouts!
You hear a shout!
The orc wizard mumbles some strange words.
The orc wizard seems to speed up.
The orc wizard casts a spell at you. The magic dart hits you.
* * * LOW HITPOINT WARNING * * *
The orc priest calls down the wrath of Beogh upon you.
Beogh smites you!
You die...

.. ###### .##....####
.#........ .........
##........ #...#.....
#.###.....
#.....#################
#o.o.>...ooo.o@........
##.##..ooo.ยง.o........
#.oo...#..o.h......##
#.o###.#...........#
#o.# #.#........o^.#
#..###.#...........# .
#....#.............# ..
#.##o###...........#
##.#.# ...............#


You could see a black bear, an orc priest, 2 orc wizards and 7 orcs.

Vanquished Creatures
  A wyvern (D:6)
  Duvessa (D:5)
  2 phantoms
  An ice beast (D:6)
  13 ogres
  3 centaurs
  Blork the orc (D:4)
  4 bullfrogs
  Dowan (D:5)
  3 scorpions
  4 killer bees (D:7)
  A howler monkey (D:4)
  2 electric eels (D:8)
  3 jellies (D:6)
  2 hounds
  7 orc priests
  4 orc wizards
  Crazy Yiuf (D:6)
  A bullfrog skeleton (D:7)
  An iguana (D:8)
  7 worker ants
  A worker ant zombie (D:6)
  6 gnolls
  9 adders
  3 howler monkey skeletons
  4 shadow imps
  2 white imps
  An ooze (D:7)
  2 adder zombies
  4 adder skeletons
  4 worms
  2 dart slugs
  9 leopard geckos
  27 orcs
  9 bats
  5 giant cockroaches
  3 hobgoblins (D:1)
  6 jackals
  2 kobolds (D:2)
  2 quokkas
  2 ball pythons
  A frilled lizard (D:2)
  5 goblins
  4 rats
176 creatures vanquished.

Vanquished Creatures (others)
  14 fulminant prisms
  25 plants (D:8)
  2 withered plants (D:9)
41 creatures vanquished.

Grand Total: 217 creatures vanquished

Notes
Turn   | Place    | Note
-------+----------+-------------------------------------------
     0 | D:1      | wakim the Deep Elf Conjurer began the quest for the Orb.
     0 | D:1      | Reached XP level 1. HP: 10/10 MP: 6/6
   627 | D:1      | Reached XP level 2. HP: 15/15 MP: 4/8
   696 | D:1      | Learned a level 2 spell: Searing Ray
  1011 | D:2      | Found a basalt altar of Yredelemnul.
  1015 | D:2      | Found an ornate altar of the Wu Jian Council.
  1153 | D:2      | Reached skill level 5 in Conjurations
  1154 | D:2      | Reached XP level 3. HP: 19/19 MP: 5/10
  1895 | D:3      | Reached XP level 4. HP: 24/24 MP: 2/12
  2418 | D:3      | Learned a level 4 spell: Fulminant Prism
  2423 | D:3      | Learned a level 4 spell: Iskenderun's Mystic Blast
  2437 | D:3      | Reached XP level 5. HP: 28/28 MP: 10/13
  2582 | D:3      | Found a sacrificial altar of Ru.
  2582 | D:3      | Found a sparkling altar of Nemelex Xobeh.
  2588 | D:3      | Found an ancient bone altar of Kikubaaqudgha.
  2590 | D:3      | Found an iron altar of Okawaru.
  2591 | D:3      | Found a blossoming altar of Fedhas.
  2729 | D:4      | Reached skill level 1 in Hexes
  2766 | D:4      | Noticed a phantom
  2772 | D:4      | Killed a phantom
  2773 | D:4      | Reached skill level 1 in Translocations
  2838 | D:4      | Reached XP level 6. HP: 32/32 MP: 12/15
  2850 | D:4      | Reached skill level 5 in Spellcasting
  3046 | D:4      | Reached XP level 7. HP: 36/36 MP: 9/17
  3265 | D:4      | Noticed Blork the orc
  3268 | D:4      | Killed Blork the orc
  3983 | D:5      | Entered Level 5 of the Dungeon
  4395 | D:5      | Reached skill level 5 in Dodging
  4439 | D:5      | Noticed Ijyb
  4743 | D:5      | Noticed Duvessa
  4775 | D:5      | Killed Duvessa
  4776 | D:5      | Reached XP level 8. HP: 34/41 MP: 12/19
  4827 | D:5      | Noticed Dowan
  5065 | D:5      | Killed Dowan
  5467 | D:5      | Found a burning altar of Makhleb.
  5542 | D:6      | Found a staircase to the Ecumenical Temple.
  5550 | Temple   | Entered the Ecumenical Temple
  5571 | Temple   | Became a worshipper of Sif Muna the Loreminder
  5651 | D:6      | Found a white marble altar of Elyvilon.
  5651 | D:6      | Found a glowing silver altar of Zin.
  5651 | D:6      | Found a glowing golden altar of the Shining One.
  6046 | D:6      | Found a runed translucent door.
  6047 | D:6      | Noticed Crazy Yiuf
  6053 | D:6      | Killed Crazy Yiuf
  6089 | D:6      | Reached * piety under Sif Muna
  6265 | D:6      | Reached XP level 9. HP: 42/45 MP: 13/22
  6980 | D:7      | Reached skill level 5 in Hexes
  7228 | D:8      | Got a slimy trident
  7229 | D:8      | Identified the +7 trident "Hellblazer" {flame, rN+ Int+10
                  | Dex+4 Stlth-} (You found it on level 8 of the Dungeon)
  7304 | D:4      | Got a masterwork quarterstaff
  7305 | D:4      | Identified the cursed +2 quarterstaff of Currency {vorpal,
                  | *Noise rElec Will+++ Stlth+} (You found it on level 4 of
                  | the Dungeon)
  7560 | D:8      | Found Gotownyz's Distillery.
  7592 | D:8      | Found Ytsi Wuro's Assorted Antiques.
  7593 | D:8      | Found Koghi's Magic Scroll Shoppe.
  7603 | D:8      | Reached skill level 5 in Translocations
  7988 | D:8      | Reached ** piety under Sif Muna
  8035 | D:8      | Found Anyr Ruesch's Assorted Antiques.
  8276 | D:9      | Noticed a hellwing
  8382 | D:9      | Killed from afar by an orc priest

Illustrated notes

Levels and vault maps discovered:
D:1:      minmay_arrival_semitransparent, layout_loops_corners
D:2:      layout_basic, chequers_temple_overflow_statue_of_worship,
          minmay_misc_feat_tower
D:3:      layout_basic, chequers_temple_overflow_minitemple,
          kennysheep_nondescript
D:4:      minmay_chambers_of_threes, layout_basic, uniq_blork_the_orc
D:5:      layout_gridville, basic_altar, uniq_ijyb, uniq_duvessa
D:6:      layout_basic, good_gods_mini_temple, temple_doors_e,
          gup_sewer_entry_glass, uniq_crazy_yiuf_cottage
D:7:      layout_basic
D:8:      layout_rooms, serial_shops, shop, kennysheep_mini,
          nicolae_shop_behind_doors, shop, minmay_holes, corner_web_ring,
          serial_bayou_lagoon_a
D:9:      cheibrodos_grave_circle, layout_basic, david_lair_shrubbed,
          okawaru_trees_1
Temple:   minmay_temple_bridge_abc

Skill      XL: |  1  2  3  4  5  6  7  8  9 |
---------------+----------------------------+-----
Stealth        | 3 4 |  4.0
Conjurations   | 5 6 8 9 |  9.7
Spellcasting   | 4 5 6 7 8 |  8.0
Hexes          | 2 3 4 5 |  5.7
Dodging        | 3 4 6 7 9 |  9.3
Translocations | 1 2 4 5 |  5.2
Invocations    | |  0.4

Action                   |  1- 3 |  4- 6 |  7- 9 || total
-------------------------+-------+-------+-------++-------
Melee: Dagger            |       |     4 |     6 ||    10
       Quarterstaff      |       |       |     1 ||     1
 Cast: Magic Dart        |    57 |    27 |   118 ||   202
       Searing Ray       |     3 |    10 |    59 ||    72
       Fulminant Prism   |       |     1 |    13 ||    14
       Iskenderun's Myst |       |       |    13 ||    13
  Use: Scroll            |       |       |    10 ||    10
Armor: Robe              |     2 |     2 |    13 ||    17
Dodge: Dodged            |     7 |     6 |    80 ||    93
Block: Other             |       |       |    13 ||    13
